 Dungeon Crawl Stone Soup version 0.30-a0-918-g0ff054e9dc (webtiles) character file.

Game seed: 3527250897567338509

356 kiwi3s the Trooper (level 6, -11/56 HPs)
             Began as a Minotaur Berserker on Mar 20, 2023.
             Was a Believer of Trog.
             Mangled by a gnoll
             ... wielding a +2 halberd of electrocution
              (16 damage)
             ... on level 3 of the Dungeon.
             The game lasted 00:04:12 (2895 turns).

kiwi3s the Trooper (Minotaur Berserker)             Turns: 2895, Time: 00:04:13

Health: -11/56     AC:  8    Str: 21 (23) XL:     6   Next: 36%
Magic:  5/5        EV: 10    Int:  2 (4)  God:    Trog [**....]
Gold:   214        SH:  0    Dex:  8 (10) Spells: 5/5 levels left

rFire   + . .      SeeInvis .    a - +0 hand axe
rCold   + . .      Faith    .    (no shield)
rNeg    . . .      Spirit   .    p - +0 scale mail
rPois   +          Reflect  .    (helmet restricted)
rElec   +          Rampage  .    (no cloak)
rCorr   +                        k - +0 pair of gloves
Will    .....                    (no boots) Stlth
                                 (no amulet)
HPRegen 0.29/turn                (no ring)
MPRegen 0.09/turn                (no ring)

@: resistant, on berserk cooldown, slowed, very slow
A: horns 2, retaliatory headbutt
a: Renounce Religion, Berserk, Trog's Hand


You were on level 3 of the Dungeon.
You worshipped Trog.
Trog was pleased with you.
You visited 1 branch of the dungeon, and saw 3 of its levels.

You collected 214 gold pieces.

Inventory:

Hand Weapons
 a - a +0 hand axe (weapon)
Armour
 b - a +0 animal skin
 k - a +0 pair of gloves (worn)
 o - the +4 ring mail of the Original Sin {Int+6}
   (You found it on level 2 of the Dungeon)

   Int:       It affects your intelligence (+6).
 p - a +0 scale mail (worn)
Jewellery
 g - a ring of poison resistance
 v - a ring of resist corrosion
Scrolls
 e - a scroll of amnesia {unknown}
 j - 4 scrolls of identify {unknown}
 m - a scroll of enchant armour {unknown}
 q - a scroll of magic mapping {unknown}
 r - 3 scrolls of blinking {unknown}
 s - a scroll of teleportation {unknown}
 u - a scroll of silence {unknown}
Potions
 f - a potion of degeneration
 h - a potion of attraction
 l - a potion of brilliance {unknown}


   Skills:
 + Level 5.3 Fighting
 + Level 5.3 Axes
 + Level 4.6 Armour
 + Level 4.1 Dodging


You had 5 spell levels left.
You didn't know any spells.
Your spell library was empty.

Dungeon Overview and Level Annotations

Branches:
Dungeon (3/15)

Altars:
Ru
Wu Jian

Annotations:
D:3 1 transporter


Innate Abilities, Weirdness & Mutations

You have a pair of horns on your head.
You reflexively headbutt those who attack you in melee.


Message History

You close the door.
Your extra speed is starting to run out.
AverageBear's ghost is nearby!
A red film seems to cover your vision as you go berserk!
You feel yourself moving faster!
You feel mighty! AverageBear's ghost barely misses you.
You furiously retaliate!
You headbutt AverageBear's ghost! You miss AverageBear's ghost.
You punch AverageBear's ghost.
AverageBear's ghost is severely damaged.
AverageBear's ghost ripples.
AverageBear's ghost hits you!
You slash AverageBear's ghost!
You destroy AverageBear's ghost!
Trog accepts your kill.
The gnoll throws a throwing net.
The throwing net hits you.
You become entangled in the net!
You tear a large gash into the net.
Unknown command.
You feel a strong urge to attack something.
The gnoll hits you from afar with a +2 halberd of electrocution!
* * * LOW HITPOINT WARNING * * *
You feel your anger nearly subside.
You struggle against the net.
You are no longer berserk.
You are exhausted.
You feel yourself slow down.
The gnoll hits you from afar with a +2 halberd of electrocution.
* * * LOW HITPOINT WARNING * * *
The gnoll hits you from afar with a +2 halberd of electrocution.
* * * LOW HITPOINT WARNING * * *
You rip the net and break free!
You start to feel less resistant.
The gnoll hits you but does no damage. The gnoll barely misses you.
The gnoll hits you from afar with a +2 halberd of electrocution.
* * * LOW HITPOINT WARNING * * *
The gnoll completely misses you. The gnoll closely misses you.
You furiously retaliate!
You headbutt the gnoll.
You feel protected.
The gnoll hits you with a +2 halberd of electrocution!
You die...

.# #.≈≈#.8.#.###.©.###.#.8.#≈≈
.######.≈≈#...###.#####©###...#≈≈
........≈≈###...............###≈≈
.#####..≈≈.8#.##'###'######.#8.≈≈
....###.≈≈.##.#...#.)8#$W$#.##.≈≈
.##.# #.~~.#..'!.)..©(#:. +..#.~~
.##(# #.≈≈.##.#..)#..8#=. #.##.≈≈
....###.≈≈.8#.##+###'#### #.#8.≈≈
........≈≈###..g@........ ..###≈≈
.##.###.≈≈#...###.#####.###g.g#≈≈
###.# #.≈≈#.8.#.###.©.###.#g8g#≈≈
#.# #.≈≈#####...........#####≈≈
#.###.≈≈≈≈≈≈≈≈≈≈≈≈~≈≈≈≈≈≈≈≈≈≈≈≈
#.....≈≈≈≈≈≈≈≈≈≈≈≈~≈≈≈≈≈≈≈≈≈≈≈≈
#..............................
########.###.#.......#)..####.#
##.#####.# #...###...).........


You could see a gnoll.

Vanquished Creatures
  A scorpion (D:3)
  The ghost of AverageBear the Ducker, a weakling OpFi (D:3)
  Jessica (D:3)
  An orc wizard (D:3)
  12 gnolls
  4 adders
  A dart slug (D:3)
  5 orcs (D:3)
  5 ball pythons
  4 bats
  5 endoplasms (D:1)
  A giant cockroach (D:3)
  A goblin (D:1)
  2 hobgoblins
  3 jackals (D:1)
  A quokka (D:3)
  A frilled lizard (D:3)
  9 kobolds
  4 rats (D:1)
62 creatures vanquished.

Vanquished Creatures (others)
  6 plants (D:3)
6 creatures vanquished.

Grand Total: 68 creatures vanquished

Notes
Turn   | Place    | Note
-------+----------+-------------------------------------------
     0 | D:1      | kiwi3s the Minotaur Berserker began the quest for the Orb.
     0 | D:1      | Reached XP level 1. HP: 19/19 MP: 0/0
   211 | D:1      | Reached XP level 2. HP: 23/27 MP: 1/1
   575 | D:1      | Reached ** piety under Trog
   953 | D:2      | Reached XP level 3. HP: 33/33 MP: 2/2
   999 | D:2      | Found a sacrificial altar of Ru.
  1012 | D:2      | Identified the +4 ring mail of the Original Sin {Int+6}
  1156 | D:2      | Reached XP level 4. HP: 15/40 MP: 3/3
  1425 | D:3      | Noticed a scorpion
  1435 | D:3      | Killed a scorpion
  1666 | D:3      | Noticed Jessica
  1677 | D:3      | Reached XP level 5. HP: 37/47 MP: 4/4
  1677 | D:3      | Killed Jessica
  1763 | D:3      | Found a transporter.
  1769 | D:3      | Found a transporter.
  1772 | D:3      | Noticed AverageBear's ghost (weakling OpFi)
  2269 | D:3      | Reached skill level 5 in Axes
  2271 | D:3      | Reached skill level 5 in Fighting
  2433 | D:3      | Found an ornate altar of the Wu Jian Council.
  2800 | D:3      | Reached XP level 6. HP: 51/56 MP: 5/5
  2885 | D:3      | Killed AverageBear's ghost
  2895 | D:3      | Mangled by a gnoll

Illustrated notes

Levels and vault maps discovered:
D:1:      onia_arrival_handbag, layout_basic
D:2:      layout_rooms, basic_altar
D:3:      layout_loops_ring, lemuel_coloured_pillars_altar,
          gammafunk_ghost_gnarly_gnolls, uniq_jessica

Skill      XL: |  1  2  3  4  5  6 |
---------------+-------------------+-----
Fighting       | 4 5 |  5.3
Axes           | 4 5 |  5.3
Armour         | 3 4 |  4.6
Dodging        | 3 4 |  4.1

Action                     |  1- 3 |  4- 6 || total
---------------------------+-------+-------++-------
  Melee: Hand axe          |    66 |   100 ||   166
         Headbutt          |     3 |    12 ||    15
         Punch             |     1 |     2 ||     3
 Invoke: Berserk           |       |     3 ||     3
    Use: Potion            |       |     8 ||     8
 Armour: Animal skin       |    14 |     2 ||    16
         Scale mail        |       |    31 ||    31
         Skin              |       |    34 ||    34
  Dodge: Dodged            |    58 |    50 ||   108

Table legend: (Time is in decaauts)
 A = Elapsed time spent in this place.
 B = Non-inter-level travel time spent in this place.
 C = Inter-level travel time spent in this place.
 D = Time resting spent in this place.
 E = Time spent auto-exploring this place.
 F = Levels seen in this place.
 G = Mean time per level.
                   A        B        C        D        E       F      G
               +--------+--------+--------+--------+--------+-----+--------+
         Total |   2909 |   2709 |    200 |    396 |   1848 |   3 |  969.7 |
       Dungeon |   2909 |   2709 |    200 |    396 |   1848 |   3 |  969.7 |
               +--------+--------+--------+--------+--------+-----+--------+

Top non-repeatable levels by time:
     D:3: 1335 daAuts
     D:1: 876 daAuts
     D:2: 697 daAuts
